AoeStats
← Launger

Black Forest

506386127Analyzed
4v4 RM · 20d ago on Sep 13, 2026· 44m 42s· 8 players
Game mode
Random Map
Map size
Large (8 player)
Population
200
Speed
Normal
Resources
Standard
Victory
Conquest
Starting age
Dark Age
Ending age
Imperial Age
RankedLock teamsTeams togetherTeam positionsShared explorationLock speedFull tech treeHidden civsTurbo modeCheats
Victory
Defeat
🇹🇷 Bohemians · Türkiye
1093
+14
🇹🇼 Khmer · Taiwan
1071
+15
🇵🇱 Malians · Poland
1052
+16
🇹🇼 Burmese · Taiwan
1034
+17
🇬🇧 Bulgarians · United Kingdom
1182
-21
🇬🇧 Italians · United Kingdom
1066
-16
🇨🇳 Malay · China
1031
-15
🇬🇧 Vikings · United Kingdom
919
-10
Launger
1:13 Loom
11:51 Feudal Age
16:38 Castle Age
14:38 Double-Bit Axe
20:46 Bow Saw
28:40 Imperial Age
27:08 Wheelbarrow
26:32 Gold Mining
27:34 Forging
27:24 Scale Mail Armor
28:11 Hand Cart
29:37 Iron Casting
29:48 Chain Mail Armor
30:46 Chemistry
30:04 Man-at-Arms
30:45 Squires
30:31 Arson
30:45 Long Swordsman
30:56 Capped Ram
31:52 Two-Handed Swordsman
33:36 Gold Shaft Mining
33:34 Plate Mail Armor
32:58 Champion
33:39 Fletching
34:20 Padded Archer Armor
39:35 Pikeman
40:25 Scale Barding Armor
44:39 Bodkin Arrow
44:59 Leather Archer Armor
Sunny
12:47 Feudal Age
16:21 Castle Age
17:29 Wheelbarrow
19:25 Loom
22:29 Hand Cart
24:16 Forging
25:07 Horse Collar
27:32 Squires
27:58 Man-at-Arms
29:20 Iron Casting
29:08 Scale Mail Armor
28:47 Pikeman
29:49 Treadmill Crane
33:24 Imperial Age
30:20 Long Swordsman
30:47 Gambesons
30:48 Arson
31:29 Chain Mail Armor
32:18 Caravan
33:24 Heavy Plow
33:18 Gold Mining
33:19 Stone Mining
33:25 Two-Handed Swordsman
33:25 Halberdier
35:09 Blast Furnace
34:39 Plate Mail Armor
34:33 Conscription
34:33 Champion
38:07 Chemistry
37:36 Husbandry
41:28 Siege Engineers
41:44 Ballistics
41:18 Fletching
41:35 Scale Barding Armor
44:12 Onager
Huang622
9:24 Loom
11:34 Feudal Age
14:11 Double-Bit Axe
16:56 Castle Age
18:02 Bow Saw
22:19 Wheelbarrow
21:44 Stone Mining
27:28 Ballistics
30:23 Imperial Age
27:55 Gold Mining
28:45 Bloodlines
28:35 Husbandry
29:21 Scale Barding Armor
29:51 Hand Cart
31:20 Chain Barding Armor
31:07 Double Crossbow
32:41 Conscription
33:58 Chemistry
35:59 Plate Barding Armor
35:41 Siege Engineers
35:54 Elite Ballista Elephant
39:15 Caravan
zeyrek
0:44 Loom
10:48 Feudal Age
11:41 Man-at-Arms
13:08 Horse Collar
15:06 Arson
19:51 Scale Mail Armor
24:33 Castle Age
22:49 Double-Bit Axe
26:18 Wheelbarrow
25:56 Bow Saw
25:58 Town Watch
28:35 Hand Cart
30:25 Town Watch
34:56 Imperial Age
34:10 Ballistics
34:09 Treadmill Crane
36:42 Chemistry
37:03 Fletching
38:49 Two-Man Saw
40:53 Padded Archer Armor
40:48 Bodkin Arrow
41:15 Bombard Tower
41:06 Masonry
41:11 Arrowslits
吃饭睡觉打豆豆
10:37 Feudal Age
10:29 Double-Bit Axe
10:37 Horse Collar
18:02 Castle Age
16:51 Stone Mining
17:50 Heavy Plow
18:11 Bow Saw
23:10 Wheelbarrow
22:30 Loom
23:28 Gold Mining
27:25 Hand Cart
30:27 Imperial Age
27:45 Town Watch
28:52 Gold Shaft Mining
28:54 Stone Shaft Mining
28:50 Ballistics
28:46 Forging
28:42 Scale Barding Armor
28:27 Fletching
28:38 Padded Archer Armor
30:30 Crop Rotation
31:10 Chemistry
30:18 Siege Engineers
31:08 Conscription
32:06 Iron Casting
31:27 Bodkin Arrow
32:52 Forced Levy
33:14 Squires
32:36 Pikeman
33:06 Man-at-Arms
35:05 Blast Furnace
Edward794
0:28 Loom
11:14 Feudal Age
24:42 Castle Age
23:00 Double-Bit Axe
26:52 Horse Collar
30:43 Wheelbarrow
30:32 Fortified Wall
31:34 Heavy Plow
33:46 Town Watch
34:46 Ballistics
34:35 Fletching
35:14 Bow Saw
35:16 Padded Archer Armor
35:55 Thumb Ring
36:55 Leather Archer Armor
39:43 Imperial Age
38:50 Scale Mail Armor
39:00 Forging
39:56 Chain Mail Armor
40:16 Iron Casting
J.A.R.V.I.S.
6:22 Loom
8:54 Loom
12:29 Feudal Age
16:46 Castle Age
17:56 Double-Bit Axe
26:49 Horse Collar
30:17 Bow Saw
30:10 Heavy Plow
30:43 Forging
30:33 Scale Mail Armor
31:39 Gold Mining
31:45 Stone Mining
35:39 Imperial Age
37:49 Chain Mail Armor
38:10 Iron Casting
38:01 Conscription
38:01 Elite Berserk
38:53 Chieftains
42:12 Onager
Ali26026
7:41 Loom
11:46 Feudal Age
13:41 Horse Collar
17:07 Castle Age
17:20 Forging
17:43 Scale Mail Armor
18:48 Iron Casting
18:31 Chain Mail Armor
18:48 Gambesons
20:55 Squires
25:18 Double-Bit Axe
28:46 Wheelbarrow
29:31 Bow Saw
31:34 Hand Cart
31:36 Heavy Plow
33:38 Iron Casting
36:27 Imperial Age
33:57 Town Watch
34:44 Stone Mining
34:45 Gold Mining
36:44 Stone Shaft Mining
36:45 Gold Shaft Mining
37:05 Masonry
37:13 Siege Engineers
37:04 Capped Ram
38:14 Masonry
37:34 Onager
39:48 Bagains
42:11 Plate Mail Armor
Connection lost

Rejoining the realm…

Still unreachable

The connection could not be restored.

Session expired

The server has moved on; the page needs a fresh start.